 Dungeon Crawl Stone Soup version 0.22-a0-422-g9628fc8 (webtiles) character file.

248 Borgoz the Skirmisher (level 6, -1/56 HPs)
             Began as a Hill Orc Fighter on May 17, 2018.
             Killed from afar by Dowan (14 damage)
             ... with a shard of ice
             ... on level 4 of the Dungeon.
             The game lasted 00:03:31 (2301 turns).

Borgoz the Skirmisher (Hill Orc Fighter)            Turns: 2301, Time: 00:03:32

Health: -1/56      AC:  7    Str: 19    XL:     6   Next: 12%
Magic:  6/6        EV:  7    Int:  8    God:
Gold:   163        SH:  9    Dex: 12    Spells: 5/5 levels left

rFire    . . .     SeeInvis .   a - +0 war axe
rCold    . . .     Gourm    .   c - +0 shield
rNeg     . . .     Faith    .   b - +0 scale mail
rPois    .         Spirit   .   (no helmet)
rElec    .         Reflect  .   (no cloak)
rCorr    .         Harm     .   (no gloves)
MR       .....                  (no boots)
Stlth    ..........             (no amulet)
HPRegen  0.18/turn              (no ring)
MPRegen  0.10/turn              (no ring)

@: no status effects
A: no striking features
a: no special abilities


You were on level 4 of the Dungeon.
You were not hungry.

You visited 1 branch of the dungeon, and saw 4 of its levels.

You collected 163 gold pieces.

Inventory:

Hand Weapons
 a - a +0 war axe (weapon)
Armour
 b - a +0 scale mail (worn)
 c - a +0 shield (worn)
Jewellery
 l - a +1 ring of protection {unknown}
Scrolls
 d - a scroll of enchant weapon {unknown}
 i - a scroll of random uselessness {unknown}
 j - a scroll of immolation {unknown}
 n - 3 scrolls of teleportation {unknown}
 o - a scroll of blinking {unknown}
 p - a scroll of identify {unknown}
Potions
 e - a potion of degeneration {unknown}
 g - a potion of lignification {unknown}
 h - a potion of berserk rage {unknown}
 k - a potion of brilliance {unknown}
 m - a potion of mutation {unknown}
 q - a potion of might
Comestibles
 f - 7 rations


   Skills:
 + Level 5.1 Fighting
 + Level 4.6 Axes
 + Level 4.6 Armour
 + Level 4.6 Shields


You had 5 spell levels left.
You didn't know any spells.
Your spell library was empty.

Dungeon Overview and Level Annotations

Branches:
Dungeon (4/15)
 Temple: D:4-7

Altars:
Elyvilon
Nemelex Xobeh

Annotations:
D:4 Dowan


Message History

Dowan hits you with a dagger.
Things that are here:
a rapier of freezing; a scale mail; the elf corpse of Duvessa You closely miss Dowan.
Dowan gestures at you while chanting. The stone arrow hits you!
* * * LOW HITPOINT WARNING * * *
You block Dowan's attack.
You miss Dowan. Dowan barely misses you. Dowan hits you with a dagger.
* * * LOW HITPOINT WARNING * * *
Your shield and scale mail prevent you from hitting Dowan.
Dowan closely misses you. You block Dowan's attack.
You hit Dowan but do no damage. You block Dowan's attack.
Dowan hits you but does no damage.
You barely miss Dowan.
Dowan says, "Magic will overcome all!"
Dowan hits you but does no damage.
Dowan points at you and mumbles some strange words.
The shard of ice hits you!
You die...

.# .... #.. .....
.... ..... ####:...
.....### ##......
#.##...# #.....
#.##...###..####.#.#
#............@e....#
#...........####...#
##.##...####.# .#
###...#...####.#
......#..........
#####.#.######...
#.#.# .....
#####.#.# ..####
........#


You could see Dowan.

Vanquished Creatures
  Duvessa (D:4)
  A worker ant (D:3)
  7 adders
  An ooze (D:1)
  2 dart slugs
  2 leopard geckos
  10 bats
  2 giant cockroaches
  4 goblins
  6 hobgoblins
  2 jackals (D:3)
  8 kobolds
  2 quokkas (D:2)
  3 frilled lizards (D:1)
  6 rats
57 creatures vanquished.

Notes
Turn   | Place    | Note
-------+----------+-------------------------------------------
     0 | D:1      | Borgoz the Hill Orc Fighter began the quest for the Orb.
     0 | D:1      | Reached XP level 1. HP: 19/19 MP: 1/1
   154 | D:1      | Reached XP level 2. HP: 24/27 MP: 2/2
   652 | D:1      | Reached skill level 4 in Fighting
   849 | D:2      | Found a sparkling altar of Nemelex Xobeh.
   961 | D:2      | Reached XP level 3. HP: 27/33 MP: 3/3
  1058 | D:2      | Found a white marble altar of Elyvilon.
  1169 | D:2      | Reached XP level 4. HP: 21/40 MP: 4/4
  1639 | D:3      | Reached XP level 5. HP: 27/47 MP: 5/5
  2282 | D:4      | Noticed Duvessa
  2282 | D:4      | Noticed Dowan
  2295 | D:4      | Killed Duvessa
  2295 | D:4      | Reached skill level 5 in Fighting
  2295 | D:4      | Reached XP level 6. HP: 30/56 MP: 6/6
  2301 | D:4      | Killed from afar by Dowan

Vault maps used:
D:1:      elethiomel_arrival_infinity_welcomes_careful_drivers,
          minmay_stone_trees_medium
D:2:      old_standard_altar, overflow_temple_1_default, minmay_heptomino_l4
D:3:      first_ration
D:4:      minmay_goblin_kobold_house, uniq_duvessa

Skill      XL: |  1  2  3  4  5 |
---------------+----------------+-----
Axes           | 3 4 |  4.6
Fighting       | 4 5 |  5.1
Armour         | 4 |  4.6
Shields        | 4 |  4.6

Action                   |  1- 3 |  4- 6 || total
-------------------------+-------+-------++-------
Melee: War axe           |   122 |   118 ||   240
  Use: Potion            |       |     4 ||     4
  Eat: Chunk             |     1 |     4 ||     5
Armor: Scale mail        |    61 |    57 ||   118
Dodge: Dodged            |    49 |    62 ||   111
Block: Shield            |    82 |    75 ||   157

Table legend:
 A = Spawn XP
 B = Non-spawn XP
 C = Spawn XP percentage of total XP
 D = Spawn monster count
 E = Non-spawn monster count
 F = Spawn count percentage of total count
 G = Total turns spent on level
                    A         B        C        D         E        F      G
               +---------+---------+-------+---------+---------+-------+---------
         Total |       0 |     355 |   0.0 |       0 |      57 |   0.0 |  2301
               +---------+---------+-------+---------+---------+-------+---------
           D:1 |       0 |      30 |   0.0 |       0 |      16 |   0.0 |   820
           D:2 |       0 |      76 |   0.0 |       0 |      17 |   0.0 |   732
           D:3 |       0 |     107 |   0.0 |       0 |      23 |   0.0 |   585
           D:4 |       0 |     142 |   0.0 |       0 |       1 |   0.0 |   164
               +---------+---------+-------+---------+---------+-------+---------
